 Dungeon Crawl Stone Soup version 0.29-a0-553-g81b289dbe5 (console) character file.

Game seed: 755409767320555349

235 petzl the Vexing (level 6, 0/54 (69) HPs)
             Began as a Formicid Arcane Marksman on June 6, 2022.
             Succumbed to an adder's poison
             ... on level 5 of the Dungeon.
             The game lasted 00:14:09 (4739 turns).

petzl the Vexing (Formicid Arcane Marksman)         Turns: 4739, Time: 00:14:10

HP:   0/54 (69)     AC: 23    Str: 20    XL:     6   Next: 26%
MP:   2/18          EV:  2    Int: 15    God:
Gold: 114           SH:  0    Dex: 11    Spells: 8/9 levels left

rFire   . . .      SeeInvis .   a - +0 hand crossbow
rCold   . . .      Faith    .   (no shield)
rNeg    . . .      Spirit   +   (body armour currently unavailable)
rPois   +          Reflect  .   (helmet unavailable)
rElec   .          Harm     .   (cloak currently unavailable)
rCorr   .          Rampage  .   (gloves currently unavailable)
Will    .....                   (boots currently unavailable)
Stlth   ++........              k - amulet of guardian spirit
HPRegen 0.18/turn               n - ring of magical power
MPRegen 0.16/turn               q - +6 ring of strength

@: mighty, lethally poisoned (0 -> -6), tree-form, heavily drained
A: stationary, stasis, torment immunity, boosted hp, permanent stasis, dig
shafts and tunnels, (antennae 3), four strong arms
a: no special abilities


You were on level 5 of the Dungeon.
You were a tree.
You visited 1 branch of the dungeon, and saw 7 of its levels.

You collected 114 gold pieces.

Inventory:

Hand Weapons
 a - a +0 hand crossbow (weapon)
 s - a +1 short sword of holy wrath
Armour
 r - a +0 leather armour (melded)
Jewellery
 b - a ring of wizardry
 d - an amulet of magic regeneration
 g - a ring of positive energy
 k - an amulet of guardian spirit (around neck)
 n - a ring of magical power (left branch)
 q - a +6 ring of strength (right branch)
Wands
 f - a wand of polymorph (8)
Scrolls
 c - a scroll of vulnerability
 e - a scroll of immolation {unknown}
 j - a scroll of summoning {unknown}
 o - a scroll of silence
 p - a scroll of amnesia
 t - a scroll of identify
Potions
 h - a potion of flight
 u - a potion of mutation {unknown}


   Skills:
 + Level 2.8 Fighting
 + Level 3.0 Crossbows
 + Level 2.1 Armour
 + Level 2.8 Dodging
 + Level 2.7 Stealth
 + Level 2.4 Spellcasting
 - Level 3.6 Hexes


You had 8 spell levels left.
You knew the following spells:

 Your Spells              Type           Power      Damage    Failure   Level
a - Slow                  Hex            48%        N/A       4%          1

Your spell library contained the following spells:

 Spells                   Type           Power      Damage    Failure   Level
 Freeze                   Ice            4%         1d3       22%         1
 Inner Flame              Hex/Fire       7%         N/A       30%         3
 Portal Projectile        Hex/Tloc       14%        N/A       30%         3
 Cause Fear               Hex            6%         N/A       43%         4
 Frozen Ramparts          Ice            2%         1d2       54%         3
 Gell's Gravitas          Tloc           1%         N/A       54%         3
 Lesser Beckoning         Tloc           1%         N/A       54%         3
 Teleport Other           Tloc           1%         N/A       54%         3
 Hailstorm                Conj/Ice       1%         3d3       91%         4


Dungeon Overview and Level Annotations

Branches:
Dungeon (7/15)
 Temple: D:4-7

Altars:
Kikubaaqudgha

Annotations:
D:2 exclusion: downstairs, Crazy Yiuf
D:4 Edmund
D:6 Sigmund
D:7 exclusion: orc priest


Innate Abilities, Weirdness & Mutations

You are a tree.
Your roots penetrate the ground, keeping you stationary.
You cannot be teleported.
You are immune to unholy pain and torment.
Your maximum health is greatly increased.
Your equipment is partially melded.
You cannot be hasted, slowed, berserked, paralysed or teleported.
You can dig through walls and to a lower floor.
((You have a pair of large antennae on your head. (SInv)))
Your four strong arms can wield two-handed weapons with a shield.


Message History

An adder comes into view.
The adder hisses angrily.
You hear a shout!
The adder closely misses you. The adder closely misses you. x2
Found a stone staircase leading up.
The white imp gestures at you. The puff of frost hits you!
The white imp attacks as you move away! The white imp hits you.
The white imp freezes you. The adder bites you.
Found a glowing trident.
The white imp closely misses you.
Found a sedimented coppery potion.
The white imp attacks as you move away! The white imp completely misses you.
The adder bites you but does no damage. The white imp attacks as you move away!
The white imp hits you. The white imp freezes you.
The white imp gestures at you. The puff of frost hits you!
* * * LOW HITPOINT WARNING * * *
There is a stone staircase leading up here.
The adder bites you.
* * * LOW HITPOINT WARNING * * *
You are lethally poisoned!
The adder poisons you!
You climb upwards.
* * * LOW HITPOINT WARNING * * *
You feel sick.
Found a stone staircase leading up.
There is a stone staircase leading down here.
It was a potion of flight.
You feel very buoyant.
You fly up into the air.
* * * LOW HITPOINT WARNING * * *
You feel sick. The adder misses you. The adder bites you.
You are more poisoned.
The adder poisons you!
It was a potion of lignification.
You turn into a tree.
Your +0 leather armour melds into your body.
Your roots penetrate the ground.
* * * LOW HITPOINT WARNING * * *
You feel sick. The adder barely misses you.
It was a potion of might.
You feel very mighty all of a sudden.
You die...

#####.. .....
....... ....
....... <..
....... #..#
....... ...#
....... ...
......S#.##.###
.......♣.......
...............
########.##.###
.# # ##


You could see an adder.

Vanquished Creatures
  A scorpion (D:4)
  A hound (D:4)
  An orc priest (D:3)
  An adder (D:3)
  4 worms
  3 dart slugs
  2 orcs
  3 ball pythons
  7 endoplasms
  6 giant cockroaches
  4 goblins
  7 hobgoblins
  16 jackals
  6 kobolds
  3 quokkas (D:1)
  6 bats
  4 frilled lizards
  4 rats
79 creatures vanquished.

Vanquished Creatures (others)
  A human (D:3)
  A fungus (D:2)
2 creatures vanquished.

Grand Total: 81 creatures vanquished

Notes
Turn   | Place    | Note
-------+----------+-------------------------------------------
     0 | D:1      | petzl the Formicid Arcane Marksman began the quest for the
                  | Orb.
     0 | D:1      | Reached XP level 1. HP: 15/15 MP: 2/2
    57 | D:1      | Reached XP level 2. HP: 21/21 MP: 3/3
   266 | D:1      | Reached skill level 1 in Stealth
   680 | D:1      | Reached XP level 3. HP: 26/26 MP: 5/5
  1371 | D:2      | Reached skill level 1 in Armour
  1614 | D:2      | Reached XP level 4. HP: 22/33 MP: 6/6
  2394 | D:2      | Found a runed translucent door.
  2473 | D:2      | Noticed Crazy Yiuf
  2526 | D:2      | You fall into a shaft and drop 1 floor!
  2628 | D:3      | Found an ancient bone altar of Kikubaaqudgha.
  2639 | D:3      | Noticed a human
  2641 | D:3      | Killed a human
  3103 | D:3      | Noticed a phantom
  3194 | D:3      | Reached XP level 5. HP: 37/39 MP: 8/8
  3774 | D:3      | Found a faded altar of an unknown god.
  4228 | D:4      | Reached XP level 6. HP: 41/46 MP: 9/9
  4386 | D:4      | Noticed Edmund
  4396 | D:4      | You fall into a shaft and drop 3 floors!
  4687 | D:6      | Noticed Sigmund
  4694 | D:6      | Noticed an ogre
  4702 | D:5      | Entered Level 5 of the Dungeon
  4710 | D:5      | You fall into a shaft and drop 1 floor!
  4738 | D:5      | HP: 2/54 [poisoned by an adder]
  4739 | D:5      | Succumbed to an adder's poison

Illustrated notes

Levels and vault maps discovered:
D:1:      dpeg_arrival_concentric_ovals, layout_basic
D:2:      layout_basic, uniq_crazy_yiuf_cottage
D:3:      layout_rooms, tgw_kikubaaqudgha, shapermc_ecumenical_altar_ellora
D:4:      layout_basic, lightli_corner_chamber, uniq_eustachio, uniq_grinder,
          uniq_edmund
D:5:      layout_basic, uniq_blork_the_orc
D:6:      layout_cave_pools, uniq_sigmund, uniq_pikel
D:7:      layout_basic, temple_green, serial_bayou_pond_d, uniq_joseph,
          uniq_maggie

Skill      XL: |  1  2  3  4  5 |
---------------+----------------+-----
Stealth        | 1 2 |  2.7
Dodging        | 2 |  2.8
Armour         | 1 2 |  2.1
Fighting       | 2 |  2.8
Spellcasting   | 2 |  2.4
Crossbows      | 3 |  3.0
Hexes          | |  3.6

Action                   |  1- 3 |  4- 6 || total
-------------------------+-------+-------++-------
Melee: Hand crossbow     |       |     1 ||     1
 Fire: Hand crossbow     |   139 |   184 ||   323
 Cast: Slow              |     7 |    34 ||    41
 Abil: Shaft Self        |       |     3 ||     3
       Dig               |       |     1 ||     1
  Use: Scroll            |       |     6 ||     6
       Potion            |       |     3 ||     3
Armor: Robe              |    18 |    14 ||    32
       Leather armour    |       |    10 ||    10
Dodge: Dodged            |    53 |    98 ||   151

Table legend: (Time is in decaauts)
 A = Elapsed time spent in this place.
 B = Non-inter-level travel time spent in this place.
 C = Inter-level travel time spent in this place.
 D = Time resting spent in this place.
 E = Time spent auto-exploring this place.
 F = Levels seen in this place.
 G = Mean time per level.
                   A        B        C        D        E       F      G
               +--------+--------+--------+--------+--------+-----+--------+
         Total |   4868 |   4457 |    411 |   1052 |   2181 |   7 |  695.4 |
       Dungeon |   4868 |   4457 |    411 |   1052 |   2181 |   7 |  695.4 |
               +--------+--------+--------+--------+--------+-----+--------+

Top non-repeatable levels by time:
     D:2: 1797 daAuts
     D:1: 1142 daAuts
     D:4: 879 daAuts
     D:3: 707 daAuts
     D:7: 284 daAuts
     D:6: 46 daAuts
     D:5: 10 daAuts
